 Dungeon Crawl Stone Soup version 0.16-a0-3253-g5709529 (webtiles) character file.

4301 Kemay the Martial Artist (level 10, -7/58 HPs)
             Began as an Octopode Transmuter on Dec 22, 2014.
             Was a Priest of Kikubaaqudgha.
             Mangled by a wyvern (18 damage)
             ... on level 9 of the Dungeon on Dec 23, 2014.
             The game lasted 00:49:53 (12823 turns).

Kemay the Martial Artist (Octopode Transmuter)     Turns: 12823, Time: 00:49:53

Health: -7/58      AC:  3    Str: 10    XL:     10   Next: 32%
Magic:  17/18      EV: 14    Int: 19    God:    Kikubaaqudgha [***...]
Gold:   502        SH:  0    Dex: 12    Spells: 4 memorised, 2 levels left

rFire  + . .     SeeInvis .     m - +7 dagger (venom)
rCold  . . .     Clarity  .     (no shield)
rNeg   + . .     SustAb   .     (helmet restricted)
rPois  .         Gourm    .     c - amulet of resist mutation
rElec  .         Spirit   .     b - +2 ring of protection
rCorr  .         Warding  .     f - ring of positive energy
rMut   +         Stasis   .     u - ring of protection from magic
MR     +....                    E - ring of protection from fire
Stlth  +++.......               L - ring of wizardry
                                (no ring)
                                (no ring)
                                (no ring)

@: appendage, somewhat resistant to hostile enchantments, fairly stealthy
A: almost no armour, amphibious, 8 rings, constrict 8, tentacle spike 3,
camouflage 1, gelatinous body 1
a: End Transformation, Receive Corpses, Renounce Religion


You were on level 9 of the Dungeon.
You worshipped Kikubaaqudgha.
Kikubaaqudgha was most pleased with you.
You were not hungry.
One of your tentacles had a temporary spike.
You visited 2 branches of the dungeon, and saw 10 of its levels.
You also visited: Sewer.

You collected 502 gold pieces.

Inventory:

Hand weapons
 m - a +7 dagger of venom (weapon)
 o - a +2 spear of freezing
Missiles
 s - 10 tomahawks (quivered)
Armour
 N - a cursed +0 shield
Magical staves
 F - an uncursed staff of poison
Jewellery
 b - a +2 ring of protection (left tentacle)
 c - an amulet of resist mutation (around mantle)
 f - a ring of positive energy (right tentacle)
 u - a ring of protection from magic (on tentacle)
 E - a ring of protection from fire (on tentacle)
 H - an uncursed amulet of regeneration
 L - a ring of wizardry (on tentacle)
Magical devices
 q - a wand of flame (20)
 w - a wand of cold (14)
 I - a wand of magic darts (22)
Scrolls
 j - a scroll of recharging
 n - 2 scrolls of teleportation
 r - 5 scrolls of remove curse
 x - 2 scrolls of enchant armour
 z - 4 scrolls of fog
 B - a scroll of blinking
 C - 2 scrolls of magic mapping
 D - 3 scrolls of fear
 G - a scroll of identify
Potions
 e - a potion of agility
 g - 2 potions of curing
 k - 3 potions of restore abilities
 p - 2 potions of heal wounds
 t - 3 potions of brilliance
 v - 4 potions of magic
 A - a potion of might
 K - a potion of cure mutation
Books
 d - a book of Changes

   Spells                             Type                      Level
   a - Beastly Appendage              Transmutation                1
   b - Sticks to Snakes               Transmutation                2
   c - Spider Form                    Transmutation/Poison         3
   d - Ice Form                       Ice/Transmutation            4
   e - Blade Hands                    Transmutation                5
 i - a book of Hinderance

   Spells                             Type                      Level
   a - Confusing Touch                Hexes                        2
   b - Confuse                        Hexes                        3
   c - Petrify                        Transmutation/Earth          4
   d - Metabolic Englaciation         Hexes/Ice                    5
   e - Summon Mana Viper              Hexes/Summoning              5
   f - Gell's Gravitas                Hexes/Translocation          6
 y - Kikubaaqudgha's Handbook of Evil
   (Kikubaaqudgha gifted it to you on level 6 of the Dungeon)

   Spells                             Type                      Level
   a - Animate Skeleton               Necromancy                   1
   b - Corpse Rot                     Necromancy                   2
   c - Sublimation of Blood           Necromancy                   2
   d - Regeneration                   Charms/Necromancy            3
   e - Control Undead                 Necromancy                   4
 J - Kikubaaqudgha's Handbook of Dark Arts
   (Kikubaaqudgha gifted it to you on level 7 of the Dungeon)

   Spells                             Type                      Level
   a - Animate Dead                   Necromancy                   4
   b - Excruciating Wounds            Charms/Necromancy            5
   c - Cigotuvi's Embrace             Necromancy                   5
   d - Dispel Undead                  Necromancy                   5
   e - Simulacrum                     Ice/Necromancy               6
Comestibles
 a - a bread ration
 h - 4 meat rations
 l - a beef jerky
 M - a chunk of flesh


   Skills:
 - Level 1.0 Fighting
 + Level 1.4 Short Blades
 - Level 6.0 Dodging
 - Level 1.1 Stealth
 + Level 11.5 Unarmed Combat
 - Level 3.0 Spellcasting
 * Level 6.8 Transmutations
 - Level 1.1 Earth Magic


You had 2 spell levels left.
You knew the following spells:

 Your Spells              Type           Power        Failure   Level  Hunger
a - Beastly Appendage     Trmt           ####..       1%          1    None
b - Blade Hands           Trmt           ####......   12%         5    ######.
c - Petrify               Trmt/Erth      ###.....     14%         4    ####...
d - Regeneration          Chrm/Necr      #.........   24%         3    ###....


Dungeon Overview and Level Annotations

Branches:
Dungeon (9/15)             Temple (1/1) D:4
   Lair: D:8-11         Orc: D:9-12

Altars:
Ashenzari
Cheibriados
Dithmenos
Elyvilon
Fedhas
Gozag
Kikubaaqudgha
Makhleb
Nemelex Xobeh
Okawaru
Qazlal
Ru
Sif Muna
Trog
Vehumet
Xom
Yredelemnul
Zin
The Shining One

Shops:
D:6 (   D:9 =

Annotations:
D:8 Maurice


Innate Abilities, Weirdness & Mutations

You cannot wear most types of armour.
You are amphibious.
You can wear up to eight rings at the same time.
You can use your tentacles to constrict many enemies at once.
Your skin changes colour to match your surroundings (Stealth).
Your rubbery body absorbs attacks (AC +1).
One of your tentacles bears a large vicious spike.


Message History

You pierce the centaur skeleton, but do no damage.
You squeeze the centaur skeleton! The centaur skeleton barely misses you.
You hit the centaur skeleton.
You destroy the centaur skeleton!
Things that are here:
a club; a hobgoblin corpse Your transformation is almost over.
Casting: Beastly Appendage
Confirm with . or Enter, or press ? or * to list all spells.
You extend your transformation's duration.
The wyvern bites you!
You closely miss the wyvern. The wyvern bites you!
* * * LOW HITPOINT WARNING * * *
You hit the wyvern but do no damage.
The wyvern is poisoned.
Your tentacle-slap misses the wyvern.
The wyvern barely misses you.
You puncture the wyvern!
The wyvern looks even sicker.
The wyvern is moderately wounded.
The wyvern misses you. The wyvern bites you!!
You die...
Kikubaaqudgha rasps: "You have failed me!
Welcome... death!"

.......⌠.⌠.#
.........†.# ##.
...........#
......#+####......#
#.#......####......#
.............#......#
..............#####).#
..............D......#
...........@####...#
#........## #...#
#.....#..#####...#
#...##...........#####
#..†##...#...#.......#
#................###.#
#....#.#.......#.#
####.#.....##..#.### #
#.#..<..........#.#


You could see a wyvern.

Vanquished Creatures
  Pikel (D:7)
  Joseph (D:8)
  A centaur skeleton (D:9)
  A necrophage (D:8)
  An orc warrior (D:6)
  5 ogres
  A black bear (D:8)
  A phantom (D:8)
  A centaur (D:8)
  Sigmund (D:7)
  A gnoll sergeant (D:8)
  Blork the orc (D:6)
  6 giant frogs
  2 scorpions
  15 killer bees
  A hound (D:8)
  2 goliath beetles (D:6)
  2 giant frog zombies
  A gnoll shaman (D:4)
  A crimson imp (D:6)
  An orc wizard (D:6)
  2 iguanas
  5 worker ants
  A killer bee zombie (D:7)
  Ijyb (D:3)
  A hound zombie (D:8)
  26 adders
  5 gnolls (D:4)
  10 river rats (Sewer)
  2 shadow imps
  A giant mite (D:5)
  3 adder skeletons
  4 giant geckos
  5 oozes
  10 orcs
  13 bats
  A bat skeleton (D:4)
  A bat zombie (D:5)
  12 giant cockroaches
  15 goblins
  13 hobgoblins
  12 jackals
  7 quokkas
  13 ball pythons
  10 giant newts
  A giant spore (D:8)
  A jackal skeleton (D:3)
  18 kobolds
  A quokka skeleton (D:6)
  29 rats
  3 ballistomycetes (D:8)
273 creatures vanquished.

Vanquished Creatures (others)
  A giant frog (D:7)
  An orc priest (D:8)
2 creatures vanquished.

Grand Total: 275 creatures vanquished

Notes
Turn   | Place    | Note
--------------------------------------------------------------
     0 | D:1      | Kemay, the Octopode Transmuter, began the quest for the Orb.
     0 | D:1      | Reached XP level 1. HP: 13/13 MP: 3/3
   124 | D:1      | Reached XP level 2. HP: 18/18 MP: 2/4
   493 | D:1      | Reached skill level 4 in Unarmed Combat
   721 | D:1      | Reached XP level 3. HP: 23/23 MP: 6/6
  1294 | D:2      | Reached skill level 1 in Stealth
  1294 | D:2      | Reached XP level 4. HP: 23/28 MP: 5/7
  1980 | D:2      | Reached skill level 5 in Unarmed Combat
  2596 | D:3      | Reached XP level 5. HP: 33/33 MP: 7/9
  2826 | D:3      | Found a basalt altar of Yredelemnul.
  2866 | D:3      | Noticed Ijyb
  2876 | D:3      | Killed Ijyb
  3115 | D:3      | Learned a level 5 spell: Blade Hands
  3167 | D:4      | Noticed an ogre
  3191 | D:4      | Killed an ogre
  3191 | D:4      | Reached skill level 6 in Unarmed Combat
  3191 | D:4      | Reached XP level 6. HP: 38/38 MP: 10/10
  3907 | D:4      | Found a staircase to the Ecumenical Temple.
  4143 | Temple   | Entered the Ecumenical Temple
  4208 | Temple   | Became a worshipper of Kikubaaqudgha
  4384 | D:5      | Entered Level 5 of the Dungeon
  4385 | D:5      | Upgraded the game from 0.16-a0-3246-g12054e0 to 0.16-a0-3253-g5709529
  4527 | D:5      | Found a shadowy altar of Dithmenos.
  5213 | D:5      | Reached XP level 7. HP: 38/43 MP: 10/12
  5645 | D:6      | HP: 2/43 [ogre/giant spiked club (14)]
  5940 | D:6      | Found a sacrificial altar of Ru.
  5949 | D:6      | Reached skill level 7 in Unarmed Combat
  6069 | D:6      | Found a glowing drain.
  6080 | D:6      | Noticed Blork the orc
  6090 | D:6      | Killed Blork the orc
  6096 | D:6      | Acquired Kikubaaqudgha's first power
  6096 | D:6      | Received a gift from Kikubaaqudgha
  6098 | D:6      | Reached skill level 5 in Dodging
  6103 | D:6      | Identified Kikubaaqudgha's Handbook of Evil (Kikubaaqudgha gifted it to you on level 6 of the Dungeon)
  6117 | Sewer    | Entered a sewer
  6625 | Sewer    | Acquired Kikubaaqudgha's second power
  6699 | Sewer    | Reached XP level 8. HP: 41/48 MP: 11/13
  7460 | D:6      | Reached skill level 8 in Unarmed Combat
  7470 | D:6      | Found Gioxige's Weapon Boutique.
  7967 | D:6      | Learned a level 4 spell: Petrify
  8934 | D:7      | Noticed Sigmund
  8945 | D:7      | Killed Sigmund
  8945 | D:7      | Reached skill level 9 in Unarmed Combat
  8945 | D:7      | Reached skill level 1 in Earth Magic
  8945 | D:7      | Reached XP level 9. HP: 41/53 MP: 17/17
  9459 | D:7      | Received a gift from Kikubaaqudgha
  9465 | D:7      | Identified Kikubaaqudgha's Handbook of Dark Arts (Kikubaaqudgha gifted it to you on level 7 of the Dungeon)
  9734 | D:7      | Noticed Pikel
  9750 | D:7      | Killed Pikel
  9782 | D:7      | Learned a level 3 spell: Regeneration
  9827 | D:7      | Reached skill level 10 in Unarmed Combat
 10504 | D:8      | Noticed Joseph
 10513 | D:8      | Killed Joseph
 10513 | D:8      | Reached skill level 5 in Transmutations
 11081 | D:8      | Noticed Maurice
 11291 | D:8      | Reached skill level 11 in Unarmed Combat
 11291 | D:8      | Reached XP level 10. HP: 29/58 MP: 16/18
 12725 | D:8      | Noticed a hill giant
 12785 | D:9      | Found Apsozoz's Jewellery Boutique.
 12791 | D:9      | Reached skill level 1 in Short Blades
 12823 | D:9      | Mangled by a wyvern

Action                   |  1- 3 |  4- 6 |  7- 9 | 10-12 || total
-------------------------+-------+-------+-------+-------++-------
Melee: Unarmed           |    93 |     9 |       |       ||   102
       Dagger            |       |   136 |   354 |    86 ||   576
Throw: Tomahawk          |       |     4 |       |       ||     4
 Cast: Beastly Appendage |    16 |    25 |    52 |    14 ||   107
 Abil: End Transformatio |     1 |     2 |    12 |     2 ||    17
Evoke: Wand              |       |       |     5 |       ||     5
  Use: Scroll            |     7 |    10 |    12 |     2 ||    31
       Potion            |       |       |     4 |     4 ||     8
 Stab: Sleeping          |     4 |     9 |     5 |       ||    18
       Invisible         |       |       |     1 |       ||     1
       Paralysed         |       |       |     1 |       ||     1
  Eat: Chunk             |     2 |    10 |    13 |     2 ||    27
       Pizza             |       |     1 |     1 |       ||     2
       Bread ration      |       |       |     2 |       ||     2
